 Dungeon Crawl Stone Soup version 0.20.1-1-g8b1a95d (webtiles) character file.

131 Kingsmith the Shield-Bearer (level 4, 0/38 HPs)
             Began as a Centaur Fighter on Dec 11, 2017.
             Succumbed to Gakens's ghost's poison
             ... on level 3 of the Dungeon.
             The game lasted 00:01:59 (1636 turns).

Kingsmith the Shield-Bearer (Centaur Fighter)       Turns: 1636, Time: 00:01:59

Health: 0/38       AC:  6    Str: 19    XL:     4   Next: 91%
Magic:  4/4        EV:  5    Int:  7    God:
Gold:   111        SH:  9    Dex:  9    Spells: 3/3 levels left

rFire    . . .     SeeInvis .   a - +0 long sword
rCold    . . .     Gourm    .   c - +0 shield
rNeg     . . .     Faith    .   b - +0 scale mail
rPois    .         Spirit   .   (no helmet)
rElec    .         Reflect  .   (no cloak)
rCorr    .         Harm     .   (no gloves)
MR       .....                  (no barding)
Stlth    ..........             (no amulet)
Regen    0.2/turn               (no ring)
MPRegen  0.1/turn               (no ring)

@: lethally poisoned (0 -> -38), flying, very quick
A: hooves 3, deformed body, speed 2, tough skin 3
a: no special abilities


You were on level 3 of the Dungeon.
You were not hungry.

You visited 1 branch of the dungeon, and saw 3 of its levels.

You collected 111 gold pieces.

Inventory:

Hand Weapons
 a - a +0 long sword (weapon)
Armour
 b - a +0 scale mail (worn)
 c - a +0 shield (worn)
Scrolls
 h - a scroll of immolation {unknown}
 i - a scroll of teleportation {unknown}
 j - a scroll of identify {unknown}
 k - 2 scrolls of remove curse {unknown}
 n - a scroll of fog {unknown}
 q - a scroll of blinking {unknown}
 r - a scroll of noise {unknown}
Potions
 d - 2 potions of might
 e - 2 potions of flight
 m - a potion of resistance {unknown}
 p - 4 potions of curing {unknown}
 s - a potion of haste {unknown}
Comestibles
 f - 3 bread rations
 g - 2 meat rations
 o - a royal jelly


   Skills:
 - Level 3.0 Fighting
 - Level 1.7 Long Blades
 - Level 2.1 Armour
 + Level 4.2 Shields


You had 3 spell levels left.
You didn't know any spells.

Dungeon Overview and Level Annotations

Branches:
Dungeon (3/15)

Altars:

Annotations:
D:3 Gakens's ghost, amateur KoHu


Innate Abilities, Weirdness & Mutations

You have hooves in place of feet.
Armour fits poorly on your strangely shaped body.
You cover ground very quickly.
You have extremely tough skin. (AC +3)


Message History

You block the goblin's attack.
Gakens's ghost hits you but does no damage.
You are more poisoned.
You feel very sick.
* * * LOW HITPOINT WARNING * * *
You feel very sick.
Gakens's ghost shrieks, "You must not succeed where I failed!"
* * * LOW HITPOINT WARNING * * *
You feel sick.
* * * LOW HITPOINT WARNING * * *
You feel very sick.
* * * LOW HITPOINT WARNING * * *
You feel sick.
* * * LOW HITPOINT WARNING * * *
You feel sick.
There is a stone staircase leading down here.
It was a potion of flight.
You feel very buoyant.
You fly up into the air.
You die...

.#.# . #...# ..#. #...#
..... ##.#.# ..##
.....####....# ###..#
#..........### ##.....
#.........# ##...... #
#...oW....# #.......
#.#.....g.@.# #.......
#.........#.## #.......
####...!......## #<[.....
......%.........#####.......
.####.......##..............
.......................÷...
###.......########.....÷...
####........######.)....[
########..)# #.......


You could see Gakens's ghost, an orc and a goblin.

Vanquished Creatures
  Jessica (D:2)
  4 adders
  2 worms (D:2)
  5 leopard geckos
  2 giant cockroaches
  10 goblins
  4 hobgoblins
  4 jackals (D:3)
  5 bats
  12 frilled lizards
  7 kobolds
  4 rats
60 creatures vanquished.

Notes
Turn   | Place    | Note
-------+----------+-------------------------------------------
     0 | D:1      | Kingsmith the Centaur Fighter began the quest for the Orb.
     0 | D:1      | Reached XP level 1. HP: 19/19 MP: 1/1
   218 | D:1      | Reached XP level 2. HP: 26/26 MP: 2/2
   575 | D:2      | Reached skill level 3 in Shields
   575 | D:2      | Reached XP level 3. HP: 24/31 MP: 3/3
  1137 | D:2      | Reached XP level 4. HP: 38/38 MP: 4/4
  1232 | D:2      | Noticed Jessica
  1235 | D:2      | Killed Jessica
  1235 | D:2      | Reached skill level 4 in Shields
  1617 | D:3      | Noticed Gakens's ghost (amateur KoHu)
  1636 | D:3      | Succumbed to Gakens's ghost's poison

Skill      XL: |  1  2  3  4 |
---------------+-------------+-----
Shields        | 3 4 |  4.2
Fighting       | |  3.0
Long Blades    | |  1.7
Armour         | |  2.1

Action                   |  1- 3 |  4- 6 || total
-------------------------+-------+-------++-------
Melee: Long sword        |    92 |    67 ||   159
       Kick              |    24 |    10 ||    34
  Use: Potion            |       |     1 ||     1
  Eat: Chunk             |       |     2 ||     2
Armor: Scale mail        |    36 |    84 ||   120
Dodge: Dodged            |    19 |    32 ||    51
Block: Shield            |    42 |    68 ||   110
       Rpst.: Long sword |     7 |    11 ||    18
